 Dungeon Sprint DCSS version 0.29-a0-369-gd956c00756 (webtiles) character file.

Game seed: 2307126829553728362

26968 mhtbhm the Warrior (level 13, -47/141 HPs)
             Began as a White Draconian Berserker on May 1, 2022.
             Was an Elder of Trog.
             Killed from afar by Lom Lobon (50 damage)
             ... with a great icy blast
             ... in the Dungeon (Sprint I: "Red Sonja").
             The game lasted 00:16:36 (5052 turns).

mhtbhm the Warrior (White Draconian Berserker)      Turns: 5052, Time: 00:16:37

Health: -47/141    AC: 16    Str: 40 (42) XL:     13   Next: 1%
Magic:  13/13      EV: 14    Int:  4 (7)  God:    Trog [****..]
Gold:   2456       SH:  3    Dex:  5 (8)  Spells: 12/12 levels left

rFire   . . .      SeeInvis .   D - +11 morningstar "Uheorch" {holy, Str+4 Dex+2}
rCold   + . .      Faith    .   F - +0 buckler
rNeg    . . .      Spirit   .   (body armour unavailable)
rPois   +          Reflect  .   (helmet restricted)
rElec   .          Harm     .   m - +2 cloak {rPois}
rCorr   +          Rampage  ∞   r - +0 pair of gloves of Temperance {rF- Regen+ rCorr Str+6}
Will    .....      NoTele   +   K - +3 pair of seven-league boots {Rampage+∞}
Stlth   +++.......              J - amulet of regeneration
HPRegen 1.93/turn               t - ring of protection from fire
MPRegen 0.13/turn               q - +6 ring of strength

@: mighty, on berserk cooldown, flying (expiring), slowed, very slow
A: breathe frost, AC +8, unfitting armour, cold resistance 1, cold-blooded,
clumsy 2, screaming 1, subdued magic 1
a: Breathe Frost, Renounce Religion, Berserk, Trog's Hand, Brothers in Arms


You were in the Dungeon.
You worshipped Trog.
Trog was greatly pleased with you.
You visited 1 branch You collected 6030 gold pieces.
You spent 3574 gold pieces at shops.

Inventory:

Hand Weapons
 a - the +6 morningstar of the Twenty Lovers {flame, rC+}
   (You found it in the Dungeon)

   It burns those it strikes, dealing additional fire damage.
   rC:        It protects you from cold.
 A - a +6 vorpal great mace
 D - the +11 morningstar "Uheorch" (weapon) {holy, Str+4 Dex+2}
   (You bought it in a shop in the Dungeon)

   It has been blessed by the Shining One to cause great damage to the undead
   and demons.
   Str:       It affects your strength (+4).
   Dex:       It affects your dexterity (+2).
Missiles
 b - a curare-tipped dart (quivered)
 k - 4 javelins
 B - a throwing net
Armour
 m - a +2 cloak of poison resistance (worn)
 r - the +0 pair of gloves of Temperance (worn) {rF- Regen+ rCorr Str+6}
   (You bought it in a shop in the Dungeon)

   Str:       It affects your strength (+6).
   rF:        It makes you vulnerable to fire.
   Regen:     It increases your rate of health regeneration.
   rCorr:     It protects you from acid and corrosion.
 F - a +0 buckler (worn)
 K - the +3 pair of seven-league boots (worn) {Rampage+∞}
   (You found it in the Dungeon)

   Its wearer moves as far as possible in that direction when moving towards
   enemies.
Jewellery
 c - a ring of fire
 g - a +4 ring of evasion
 j - a ring of positive energy
 q - a +6 ring of strength (right hand)
 t - a ring of protection from fire (left hand)
 u - a ring of protection from fire
 z - a ring of resist corrosion
 E - a +4 ring of slaying
 J - an amulet of regeneration (around neck)
Wands
 h - a wand of iceblast (10)
Scrolls
 i - 2 scrolls of summoning
 n - a scroll of fear
 v - 3 scrolls of enchant weapon
 y - a scroll of magic mapping
 H - 2 scrolls of enchant armour
 I - a scroll of blinking
 L - a scroll of immolation
Potions
 d - a potion of haste
 e - 2 potions of magic
 f - 2 potions of berserk rage
 o - 2 potions of attraction
 p - 6 potions of curing
 x - a potion of might
Miscellaneous
 w - a lightning rod (4/4)


   Skills:
 + Level 20.9 Fighting
 + Level 20.1 Maces & Flails
 + Level 4.3 Throwing
 + Level 16.8 Dodging
 + Level 8.6 Stealth
 + Level 1.4 Shields
 + Level 4.4 Evocations


You had 12 spell levels left.
You didn't know any spells.
Your spell library was empty.

Dungeon Overview and Level Annotations

Branches:
Dungeon (1/1)

Altars:
Cheibriados
Dithmenos
Elyvilon
Fedhas
Gozag
Hepliaklqana
Kikubaaqudgha
Makhleb
Nemelex Xobeh
Okawaru
Qazlal
Ru
Sif Muna
Trog
Uskayaw
Vehumet
Wu Jian
Xom
Yredelemnul
Zin
The Shining One
Jiyva
Lugonu

Shops:
D (?(*=[*:**([[*[=[*[[=*

Annotations:
D Lom Lobon, Tiamat


Innate Abilities, Weirdness & Mutations

You can breathe waves of freezing cold which knock back foes.
Your icy white scales are hard. (AC +8)
You cannot fit into any form of body armour.
Your flesh is cold resistant. (rC+)
You are cold-blooded and may be slowed by cold attacks.
You are very clumsy. (Dex -4)
You occasionally shout uncontrollably at your foes.
Your spells are a little easier to cast, but a little less powerful.


Message History

You are engulfed in whirling frost.
Your iron troll is no longer encased in ice.
* * * LOW HITPOINT WARNING * * *
Are you sure you want to fly over deep water while you are losing your buoyancy?
Okay, then.
Are you sure you want to fly over deep water while you are losing your buoyancy?
Really fly into that cloud of whirling frost?
You feel your anger nearly subside.
You are engulfed in whirling frost.
You are no longer berserk.
You are exhausted.
You feel yourself slow down. The ice encasing you melts away.
* * * LOW HITPOINT WARNING * * *
Lom Lobon screams, "Embrace thy dedition, thou rank limp-willed socdollager!"
Lom Lobon hits you but does no damage.
Your iron troll bites Lom Lobon but does no damage.
Your iron troll claws Lom Lobon!!
Your iron troll claws Lom Lobon!
There is an open door here.
Unknown command.
You closely miss Lom Lobon.
You tail-slap Lom Lobon, but do no damage.
Lom Lobon is moderately wounded.
You are engulfed in whirling frost.
* * * LOW HITPOINT WARNING * * *
The winds around Lom Lobon start to calm down.
Lom Lobon barely misses you.
Your iron troll completely misses Lom Lobon.
Your iron troll claws Lom Lobon!
Your iron troll completely misses Lom Lobon.
You miss Lom Lobon.
Lom Lobon is moderately wounded.
You are engulfed in whirling frost.
Your iron troll closely misses Lom Lobon.
Your iron troll barely misses Lom Lobon.
Your iron troll claws Lom Lobon!
Lom Lobon gestures at you.
Lom Lobon conjures a mighty blast of ice!
The great icy blast engulfs you!!! You partially resist.
You die...

..#...###§.###.#..≈###'##§..#....
..+.....##.#A#.#..≈.)#)####§#....
..#.....#..###.#○°☼○##§#§§§§##○..
○.###''##.##...#§☼§##.§§§§.§.##..
°###..###..#'###§§§#.§.§§§...§#.°
.####..###...#§§§§##..§...§§..##○
'#..#..#.###.#§☼§§#.....÷§.§...#.
.#.....○...#.###&§#............#.
##.....○...#.#.§@T##..........##.
.'.....°####'#.##§##..........#..
###...###..))#.#≈≈≈##........##..
..#####...####.#≈≈≈≈##)).)..##...
........### ..#≈≈≈≈≈########°°..
....##### .####≈≈≈≈#≈≈≈≈°#.....
...## °°#..#'≈≈≈)≈≈.≈°'.°°○. ..##
°° #...##≈≈#≈≈≈≈≈#°≈≈.. ..# °°°
#....######+#####≈≈≈


You could see Lom Lobon (gusty, dazed, ally target) and a friendly iron troll
(summoned, berserk).

Vanquished Creatures
  A golden dragon (D)
  4 fire giants (D)
  A lorocyproca (D)
  A deep elf annihilator (D)
  A mummy priest (D)
  A hydra (D)
  2 centaur warriors (D)
  Sonja (D)
  A deep troll (D)
  A lindwurm (D)
  2 oklob plants (D)
  A shining eye (D)
  2 merfolk sirens (D)
  2 gargoyles (D)
  2 kobold demonologists (D)
  3 demonic crawlers (D)
  7 unseen horrors (D)
  A hellwing (D)
  4 hornets (D)
  A slime creature (D)
  Sigmund (D)
  A yak (D)
  2 redbacks (D)
  13 hogs (D)
  4 floating eyes (D)
  An ogre (D)
  7 necrophages (D)
  8 jellies (D)
  Ijyb (D)
77 creatures vanquished.

Vanquished Creatures (collateral kills)
  the Lernaean hydra (D)
  A shadow dragon (D)
  7 shining eyes (D)
  A demonic crawler (D)
  3 floating eyes (D)
  A block of ice (D)
14 creatures vanquished.

Vanquished Creatures (others)
  A deep elf master archer (D)
  A hornet (D)
  2 ballistomycete spores (D)
4 creatures vanquished.

Grand Total: 95 creatures vanquished

Notes
Turn   | Place    | Note
-------+----------+-------------------------------------------
     0 | D        | mhtbhm the Draconian Berserker began the quest for the Orb.
     0 | D        | Reached XP level 1. HP: 19/19 MP: 1/1
     2 | D        | Noticed Ijyb
     6 | D        | Killed Ijyb
     7 | D        | Reached XP level 2. HP: 28/28 MP: 2/2
    53 | D        | Noticed an ogre
    58 | D        | Killed an ogre
    59 | D        | Reached skill level 5 in Dodging
    59 | D        | Reached XP level 3. HP: 38/38 MP: 3/3
    59 | D        | Reached XP level 4. HP: 45/45 MP: 4/4
   228 | D        | Noticed Sigmund
   233 | D        | Killed Sigmund
   233 | D        | Reached ** piety under Trog
   234 | D        | Reached XP level 5. HP: 56/56 MP: 5/5
   234 | D        | Reached XP level 6. HP: 62/62 MP: 6/6
   277 | D        | Found an ornate altar of the Wu Jian Council.
   277 | D        | Found a shimmering blue altar of Sif Muna.
   279 | D        | Found a radiant altar of Vehumet.
   325 | D        | Found Yrozefan's Assorted Antiques.
   325 | D        | Found an ancient bone altar of Kikubaaqudgha.
   325 | D        | Found a hazy altar of Hepliaklqana.
   325 | D        | Found a stormy altar of Qazlal.
   325 | D        | Found a hide-covered altar of Uskayaw.
   325 | D        | Found a blossoming altar of Fedhas.
   325 | D        | Found a bloodstained altar of Trog.
   325 | D        | Found an iron altar of Okawaru.
   325 | D        | Found a basalt altar of Yredelemnul.
   325 | D        | Found a glowing golden altar of the Shining One.
   325 | D        | Found a snail-covered altar of Cheibriados.
   325 | D        | Found a sacrificial altar of Ru.
   325 | D        | Found a glowing silver altar of Zin.
   325 | D        | Found a shadowy altar of Dithmenos.
   325 | D        | Found a white marble altar of Elyvilon.
   325 | D        | Noticed a yak
   326 | D        | Found an opulent altar of Gozag.
   336 | D        | Killed a yak
   337 | D        | Found a sparkling altar of Nemelex Xobeh.
   552 | D        | Noticed Sonja
   558 | D        | Killed Sonja
   558 | D        | Reached *** piety under Trog
   559 | D        | Reached skill level 10 in Maces & Flails
   559 | D        | Reached skill level 1 in Stealth
   559 | D        | Reached skill level 1 in Evocations
   559 | D        | Your scales start taking on an icy white colour.
   559 | D        | Reached XP level 7. HP: 72/74 MP: 7/7
   559 | D        | Gained mutation: Your flesh is cold resistant. (rC+) [White
                  | Draconian growth]
   577 | D        | Found Xett's Weapon Boutique.
   599 | D        | Noticed a deep troll
   623 | D        | Killed a deep troll
   624 | D        | Reached skill level 1 in Throwing
   624 | D        | Reached skill level 10 in Dodging
   624 | D        | Reached XP level 8. HP: 75/83 MP: 8/8
   647 | D        | Found Larur's Armour Emporium.
   654 | D        | Bought a +2 cloak of poison resistance for 185 gold pieces
   818 | D        | Found a burning altar of Makhleb.
   818 | D        | Found a viscous altar of Jiyva.
   818 | D        | Found a shimmering altar of Xom.
   818 | D        | Found a corrupted altar of Lugonu.
   818 | D        | Noticed a slime creature
   835 | D        | Killed a slime creature
   979 | D        | Noticed a kobold demonologist
   979 | D        | Noticed a kobold demonologist
   984 | D        | Paralysed by a floating eye for 4 turns
   985 | D        | Noticed a sixfirhy
   985 | D        | Noticed a sun demon
   993 | D        | Killed a kobold demonologist
   994 | D        | Reached XP level 9. HP: 92/92 MP: 9/9
   996 | D        | Killed a kobold demonologist
   996 | D        | Reached **** piety under Trog
  1051 | D        | Noticed a centaur warrior
  1052 | D        | Noticed a centaur warrior
  1065 | D        | Killed a centaur warrior
  1071 | D        | Killed a centaur warrior
  1194 | D        | Reached ***** piety under Trog
  1290 | D        | Noticed an oklob plant
  1385 | D        | Killed an oklob plant
  1386 | D        | Reached XP level 10. HP: 103/103 MP: 10/10
  1423 | D        | Received a gift from Trog
  1433 | D        | Reached skill level 5 in Stealth
  1769 | D        | Paralysed by a floating eye for 2 turns
  1793 | D        | Reached skill level 15 in Maces & Flails
  1890 | D        | Received a gift from Trog
  1968 | D        | Received a gift from Trog
  2019 | D        | Identified the +0 helmet of Creativity {rC+ Slay+5}
  2028 | D        | Identified the +6 morningstar of the Twenty Lovers {flame,
                  | rC+}
  2035 | D        | Found Sachy's Book Shoppe.
  2035 | D        | Found Los Wici's General Store.
  2035 | D        | Found Jadodgh's General Store.
  2037 | D        | Found Husanog's Assorted Antiques.
  2037 | D        | Found Moawkear's Weapon Shop.
  2037 | D        | Found Fyugeog's Antique Armour Shoppe.
  2037 | D        | Found Ysobrom's Armour Boutique.
  2037 | D        | Found Neus's Assorted Antiques.
  2037 | D        | Found Demerph's Armour Shop.
  2037 | D        | Found Ynoash's Jewellery Shoppe.
  2042 | D        | Found Rearocsa's Armour Boutique.
  2043 | D        | Found Sodeimim's Armour Emporium.
  2043 | D        | Found Budeaj's Assorted Antiques.
  2044 | D        | Found Keuheit's Jewellery Emporium.
  2045 | D        | Bought a pair of faintly humming gloves for 171 gold pieces
  2045 | D        | Identified the +0 pair of gloves of Temperance {rF- Regen+
                  | rCorr Str+6} (You bought it in a shop in the Dungeon)
  2053 | D        | Bought a +2 pair of boots of rampaging for 215 gold pieces
  2059 | D        | Bought a ring of protection from fire for 300 gold pieces
  2070 | D        | Bought a dented golden amulet for 80 gold pieces
  2137 | D        | Noticed a gargoyle
  2145 | D        | Received a gift from Trog
  2146 | D        | Reached skill level 15 in Fighting
  2147 | D        | Killed a gargoyle
  2247 | D        | Noticed a lindwurm
  2250 | D        | Killed a lindwurm
  2261 | D        | Received a gift from Trog
  2266 | D        | Reached XP level 11. HP: 111/113 MP: 11/11
  2282 | D        | Received a gift from Trog
  2391 | D        | Noticed a 12-headed hydra
  2394 | D        | Killed a 12-headed hydra
  2495 | D        | Noticed a shadow dragon
  2495 | D        | Noticed a golden dragon
  2510 | D        | Killed a golden dragon
  2510 | D        | Reached ****** piety under Trog
  2512 | D        | HP: 2/105 [shadow dragon/bolt of negative energy (32)]
  2515 | D        | Killed a shadow dragon
  2614 | D        | Identified the +5 dagger of the New World {freeze, rF+ rN+
                  | Int+3}
  2638 | D        | Found Gesawk's General Store.
  2656 | D        | Bought a potion of might for 40 gold pieces
  2656 | D        | Bought a potion of flight for 30 gold pieces
  2656 | D        | Bought a scroll of magic mapping for 35 gold pieces
  2891 | D        | Bought a scroll labelled JUAMMIBRIR for 27 gold pieces
  2891 | D        | Bought 2 scrolls labelled DOETRU INUADEI for 54 gold pieces
  2946 | D        | Bought a scroll of enchant weapon for 75 gold pieces
  2946 | D        | Bought a potion of might for 40 gold pieces
  2946 | D        | Bought a throwing net for 30 gold pieces
  2963 | D        | Bought a scroll labelled DOETRU INUADEI for 21 gold pieces
  2963 | D        | Bought 2 sapphire potions for 37 gold pieces
  2963 | D        | Bought a scroll labelled IDUGAU GOYQ for 21 gold pieces
  2963 | D        | Bought a potion of curing for 63 gold pieces
  3014 | D        | Bought the +11 morningstar "Uheorch" {holy, Str+4 Dex+2}
                  | for 818 gold pieces
  3043 | D        | Bought a potion of curing for 81 gold pieces
  3043 | D        | Bought a tubular ruby ring for 135 gold pieces
  3130 | D        | Noticed a daeva
  3140 | D        | Received a gift from Trog
  3306 | D        | Noticed a fire giant
  3317 | D        | Noticed a fire giant
  3317 | D        | Noticed a fire giant
  3317 | D        | Noticed a fire giant
  3322 | D        | Killed a fire giant
  3330 | D        | Killed a fire giant
  3330 | D        | Received a gift from Trog
  3331 | D        | Reached skill level 15 in Dodging
  3331 | D        | Reached XP level 12. HP: 127/127 MP: 9/12
  3337 | D        | Killed a fire giant
  3340 | D        | Killed a fire giant
  3496 | D        | Found the +4 dragonskin cloak
  3496 | D        | Noticed Tiamat
  3647 | D        | Noticed a deep elf annihilator
  3654 | D        | Received a gift from Trog
  3668 | D        | Identified the +2 dire flail of Responsibility {flame,
                  | Str+3} (Trog gifted it to you in the Dungeon)
  3668 | D        | Received a gift from Trog
  3690 | D        | Killed a deep elf annihilator
  3715 | D        | Noticed a mummy priest
  3725 | D        | Killed a mummy priest
  3832 | D        | Killed a lorocyproca
  4120 | D        | Gained mutation: You occasionally shout uncontrollably at
                  | your foes. [a shining eye]
  4125 | D        | Reached skill level 1 in Shields
  4125 | D        | Received a gift from Trog
  4130 | D        | Gained mutation: You are clumsy. (Dex -2) [a shining eye]
  4131 | D        | Gained mutation: You are very clumsy. (Dex -4) [a shining
                  | eye]
  4134 | D        | Gained mutation: Your spells are a little easier to cast,
                  | but a little less powerful. [a shining eye]
  4142 | D        | Found Talijyri's Jewellery Shop.
  4142 | D        | Found Depuav's Weapon Emporium.
  4142 | D        | Found Jahaseq's Antique Armour Boutique.
  4143 | D        | Found Doqaneock's Magic Scroll Shoppe.
  4149 | D        | Bought a scroll of blinking for 82 gold pieces
  4149 | D        | Bought a scroll of blinking for 82 gold pieces
  4160 | D        | Bought an amulet of regeneration for 390 gold pieces
  4194 | D        | Killed a deep elf master archer
  4254 | D        | Noticed the 27-headed Lernaean hydra
  4263 | D        | Killed the 27-headed Lernaean hydra
  4264 | D        | Reached XP level 13. HP: 141/141 MP: 13/13
  4556 | D        | Found the +3 pair of seven-league boots {Rampage+∞}
  4756 | D        | Bought 2 potions of curing for 180 gold pieces
  4756 | D        | Bought a golden potion for 27 gold pieces
  4756 | D        | Bought a scroll of enchant weapon for 225 gold pieces
  4756 | D        | Bought a scroll labelled IJOXZI ONITEDGH for 30 gold pieces
  4756 | D        | Bought a scroll labelled JUAMMIBRIR for 30 gold pieces
  4759 | D        | Bought a potion of curing for 42 gold pieces
  4759 | D        | Bought a scroll of identify for 28 gold pieces
  4998 | D        | Noticed Lom Lobon
  5051 | D        | HP: 2/141 [Lom Lobon/vortex (24)]
  5052 | D        | Killed from afar by Lom Lobon

Illustrated notes

Levels and vault maps discovered:
D:        dungeon_sprint_1 [red_sonja_temple_1, red_sonja_temple_small_1]

Skill      XL: |  1  2  3  4  5  6  7  8  9 10 11 12 |
---------------+-------------------------------------+-----
Fighting       | 4 6 8 11 12 14 15 18 20 | 20.9
Maces & Flails | 4 6 8 10 11 12 14 16 18 20 | 20.1
Dodging        | 4 5 7 9 10 11 13 15 16 | 16.8
Stealth        | 1 2 4 6 7 8 |  8.6
Evocations     | 1 2 3 4 |  4.4
Throwing       | 1 3 4 |  4.3
Shields        | 1 |  1.4

Action                   |  1- 3 |  4- 6 |  7- 9 | 10-12 | 13-15 || total
-------------------------+-------+-------+-------+-------+-------++-------
Melee: Mace              |     7 |    15 |    67 |    11 |       ||   100
       Tailslap          |     3 |     4 |    15 |    34 |     1 ||    57
       Punch             |     1 |       |       |     2 |       ||     3
       Morningstar       |       |       |       |   147 |     9 ||   156
       Dire flail        |       |       |       |    17 |       ||    17
       Great mace        |       |       |       |    14 |       ||    14
Throw: Javelin           |       |       |     3 |     2 |       ||     5
       Dart              |       |       |     2 |     1 |       ||     3
Invok: Berserk           |     2 |     2 |     4 |     9 |     1 ||    18
       Brothers in Arms  |       |       |       |     6 |     2 ||     8
       Trog's Hand       |       |       |       |     1 |       ||     1
 Abil: Breathe Frost     |       |       |     4 |     2 |       ||     6
Evoke: Wand              |       |     4 |       |     2 |       ||     6
       Lightning rod     |       |       |       |     3 |       ||     3
  Use: Potion            |       |     1 |       |     4 |     7 ||    12
       Scroll            |       |       |     1 |     3 |     5 ||     9
 Stab: Sleeping          |       |     1 |     1 |     2 |       ||     4
Armor: Skin              |       |     2 |    28 |    53 |     7 ||    90
Dodge: Dodged            |     3 |     9 |    37 |    92 |     1 ||   142
Block: Buckler           |       |       |       |     2 |       ||     2

Table legend: (Time is in decaauts)
 A = Elapsed time spent in this place.
 B = Non-inter-level travel time spent in this place.
 C = Inter-level travel time spent in this place.
 D = Time resting spent in this place.
 E = Time spent auto-exploring this place.
 F = Levels seen in this place.
 G = Mean time per level.
                   A        B        C        D        E       F      G
               +--------+--------+--------+--------+--------+-----+--------+
         Total |   5150 |   5017 |    133 |   2825 |      0 |   1 | 5150.0 |
       Dungeon |   5150 |   5017 |    133 |   2825 |      0 |   1 | 5150.0 |
               +--------+--------+--------+--------+--------+-----+--------+

Top non-repeatable levels by time:
       D: 5150 daAuts
